 Dungeon Crawl Stone Soup version 0.31-a0-968-g24f9ace8b5 (webtiles) character file.

Game seed: 11075114779818418255

522 Dirtsage the Ruffian (level 7, -1/69 HPs)
             Began as an Octopode Shapeshifter on Oct 27, 2023.
             Slain by Sigmund
             ... wielding a +2 scythe of protection
              (5 damage)
             ... on level 4 of the Dungeon.
             The game lasted 00:09:49 (3053 turns).

Dirtsage the Ruffian (Octopode Shapeshifter)        Turns: 3053, Time: 00:09:49

Health: -1/69      AC: 23    Str: 14    XL:     7   Next: 22%
Magic:  7/7        EV:  2    Int: 12    God:
Gold:   133        SH:  0    Dex: 13    Spells: 6/6 levels left

rFire   . .          .
                       - Unarmed
rCold   . . .        (no shield)
rNeg    . . .        (helmet currently unavailable)
rPois   +            (no amulet)
rElec   .            h - +4 ring of slaying
rCorr   .            (no ring)
SInv    .            (no ring)
Will    .....        (no ring)
Stlth   +            (no ring)
HPRegen 0.31/turn    (no ring)
MPRegen 0.10/turn    (no ring)
                     (no ring)

%: no passive effects
@: brilliant, tree-form, attractive
A: stationary, stasis, torment immunity, boosted hp, almost no armour,
(amphibious), 8 rings, (camouflage 1), (gelatinous body 1), (nimble swimmer 1),
(tentacles)
a: no special abilities


You were on level 4 of the Dungeon.
You were a tree.
You visited 1 branch of the dungeon, and saw 4 of its levels.

You collected 133 gold pieces.

Inventory:

Missiles
 p - a curare-tipped dart
Armour
 o - a +2 hat
Jewellery
 e - a ring of ice
 h - a +4 ring of slaying (left branch)
Talismans
 b - a beast talisman
 c - a flux talisman
Wands
 l - a wand of mindburst (8)
Scrolls
 d - 3 scrolls of enchant armour
 f - a scroll of vulnerability {unknown}
 i - a scroll of enchant weapon {unknown}
 j - 2 scrolls of fog
 k - a scroll of immolation {unknown}
 m - 5 scrolls of identify {unknown}
Potions
 g - 2 potions of brilliance
 n - a potion of attraction


   Skills:
 + Level 3.2 Fighting
 - Level 2.0 Dodging
 * Level 5.5 Unarmed Combat
 * Level 5.2 Shapeshifting


You had 6 spell levels left.
You didn't know any spells.
Your spell library contained the following spells:

 Spells                   Type           Power      Damage    Failure   Level
 Alistair's Intoxication  Tmut/Pois      0%         N/A       100%        5
 Borgnjor's Vile Clutch   Necr/Erth      0%         N/A       100%        5
 Eringya's Noxious Bog    Tmut/Pois      0%         4d6       100%        6


Dungeon Overview and Level Annotations

Branches:
Dungeon (4/15)
 Temple: D:4-7

Altars:
Sif Muna
Uskayaw
Xom

Shops:
D:4 ([(

Annotations:
D:4 Sigmund


Innate Abilities, Weirdness & Mutations

You are a tree.
Your roots penetrate the ground, keeping you stationary.
You cannot be teleported.
You are immune to unholy pain and torment.
Your maximum health is greatly increased.
You cannot wear most types of armour.
((You are amphibious.))
You can wear up to eight rings at the same time.
((Your skin changes colour to match your surroundings (Stealth+).))
((Your rubbery body absorbs attacks. (AC +1, EV +1)))
((You are camouflaged when in or above water. (Stealth+)))
((You have tentacles for arms and can constrict up to eight enemies at once.))


Message History

You barely miss Sigmund. You grab Sigmund.
You constrict Sigmund, but do no damage.
Sigmund mumbles some strange words.
Sigmund flickers and vanishes!
Deactivating autopickup; reactivate with Ctrl-A.
You bludgeon something! You constrict something.
You hear some strange, mumbled words.
You are confused.
You release your grip on something.
Something hits you.
You take 3 damage, and have 41/46 hp.
Something hits you but does no damage. Something hits you!
You take 9 damage, and have 33/46 hp.
Something hits you!
You take 11 damage, and have 22/46 hp.
MASSIVE DAMAGE!!
You closely miss something. You squeeze something.
You feel less confused. Something hits you!
You take 7 damage, and have 15/46 hp.
You are too injured to fight recklessly!
It was a potion of brilliance.
You feel clever all of a sudden.
You hear some strange, mumbled words.
A puff of flame appears from out of thin air!
The puff of flame misses you.
A hobgoblin comes into view.
You hear some strange, mumbled words.
A puff of flame appears from out of thin air!
The puff of flame hits you!
* * * LOW HITPOINT WARNING * * *
You take 8 damage, and have 7/46 hp.
You tentacle-slap something. Something hits you.
* * * LOW HITPOINT WARNING * * *
You take 5 damage, and have 2/46 hp.
It was a potion of attraction.
You feel attractive to monsters. The hobgoblin is attracted toward you.
Your transformation has ended.
You turn into a tree.
Your roots penetrate the ground.
Something hits you.
You die...

#.....##...........#
...................#
........#..........#
......##.>.........###
......##.#...........##
......................#
..##.##............#
.####.####+#.......#
.## #....♣..###### ..#
#..#+#....{.g...... .##
#..........†...... .#
#.............§... .#
#...........####.# ##
#....#..#.####... #
#######.#.......# ##
#.?......># .## ##
####.....?#


You could see a hobgoblin.

Vanquished Creatures
  2 ogres (D:4)
  A kobold brigand (D:4)
  A scorpion (D:4)
  A jelly (D:4)
  An iguana (D:3)
  An orc wizard (D:3)
  Robin (D:3)
  3 adders
  5 dart slugs
  A worm (D:2)
  3 orcs (D:3)
  8 endoplasms
  14 goblins
  8 hobgoblins
  6 jackals
  6 quokkas
  12 ball pythons
  6 bats
  5 frilled lizards
  8 kobolds
  6 rats
99 creatures vanquished.

Notes
Turn   | Place    | Note
-------+----------+-------------------------------------------
     0 | D:1      | Dirtsage the Octopode Shapeshifter began the quest for the
                  | Orb.
     0 | D:1      | Reached XP level 1. HP: 13/13 MP: 1/1
    49 | D:1      | Reached XP level 2. HP: 16/18 MP: 2/2
   372 | D:1      | Reached XP level 3. HP: 20/23 MP: 3/3
  1316 | D:2      | Reached XP level 4. HP: 25/29 MP: 4/4
  1353 | D:2      | Found a shimmering altar of Xom.
  1485 | D:2      | Found a faded altar of an unknown god.
  2050 | D:3      | Found a shimmering blue altar of Sif Muna.
  2074 | D:3      | Reached XP level 5. HP: 21/34 MP: 5/5
  2076 | D:3      | Noticed Robin
  2086 | D:3      | Killed Robin
  2395 | D:3      | Found a hide-covered altar of Uskayaw.
  2597 | D:4      | Noticed a kobold brigand
  2709 | D:4      | Found Ihoow's Antique Weapon Emporium.
  2751 | D:4      | Noticed an ogre
  2757 | D:4      | Killed an ogre
  2758 | D:4      | Reached XP level 6. HP: 41/41 MP: 6/6
  2800 | D:4      | Found Lefer's Weapon Shop.
  2814 | D:4      | Found Micol's Antique Armour Emporium.
  2822 | D:4      | Reached skill level 5 in Unarmed Combat
  2908 | D:4      | Reached skill level 5 in Shapeshifting
  2908 | D:4      | Reached XP level 7. HP: 23/46 MP: 7/7
  3028 | D:4      | Noticed Sigmund
  3051 | D:4      | HP: 2/46 [something (5)]
  3053 | D:4      | Slain by Sigmund

Illustrated notes

Levels and vault maps discovered:
D:1:      minmay_arrival_glassed_features, layout_basic
D:2:      layout_basic, basic_altar, chequers_ecumenical_altar_twisty
D:3:      layout_loops_ring, mainiacjoe_overflow_paths,
          mainiacjoe_overflow_six_doors_small, st_stairs_7, uniq_robin
D:4:      layout_rooms, nicolae_ru_the_path_less_chosen, serial_shops, shop,
          shop, nicolae_lakefront_shop, kennysheep_mini,
          minmay_manual_mandibuliform, uniq_sigmund

Skill      XL: |  1  2  3  4  5  6 |
---------------+-------------------+-----
Fighting       | 2 3 |  3.2
Unarmed Combat | 4 5 |  5.5
Shapeshifting  | 4 5 |  5.2
Dodging        | |  2.0

Action                     |  1- 3 |  4- 6 |  7- 9 || total
---------------------------+-------+-------+-------++-------
  Melee: Unarmed           |    70 |    84 |    14 ||   168
         Tentacles         |     9 |    14 |     4 ||    27
         Constrict         |    17 |    19 |     2 ||    38
         Punch             |     1 |     2 |       ||     3
  Evoke: Wand              |       |     2 |     2 ||     4
    Use: Scroll            |       |     4 |       ||     4
         Potion            |       |       |     3 ||     3
   Stab: Sleeping          |     3 |     3 |       ||     6
 Armour: Skin              |    31 |    18 |    11 ||    60
  Dodge: Dodged            |    42 |    36 |     4 ||    82

Table legend: (Time is in decaauts)
 A = Elapsed time spent in this place.
 B = Non-inter-level travel time spent in this place.
 C = Inter-level travel time spent in this place.
 D = Time resting spent in this place.
 E = Time spent auto-exploring this place.
 F = Levels seen in this place.
 G = Mean time per level.
                   A        B        C        D        E       F      G
               +--------+--------+--------+--------+--------+-----+--------+
         Total |   3039 |   2955 |     84 |    111 |   2344 |   4 |  759.8 |
       Dungeon |   3039 |   2955 |     84 |    111 |   2344 |   4 |  759.8 |
               +--------+--------+--------+--------+--------+-----+--------+

Top non-repeatable levels by time:
     D:1: 945 daAuts
     D:2: 875 daAuts
     D:3: 866 daAuts
     D:4: 352 daAuts
